 Dungeon Crawl Stone Soup version 0.29-a0-414-g5075937ec3 (webtiles) character file.

Game seed: 15627677324571467192

21530 purpskrrrp the Spear-Bearer (level 12, -2/64 HPs)
             Began as a Vine Stalker Fighter on May 16, 2022.
             Was a Believer of the Shining One.
             Slain by a naga mage
             ... wielding a +0 club
              (3 damage)
             ... on level 1 of the Snake Pit.
             The game lasted 01:34:37 (10181 turns).

purpskrrrp the Spear-Bearer (Vine Stalker Fighter) Turns: 10181, Time: 01:34:37

Health: -2/64      AC: 33    Str: 30    XL:     12   Next: 91%
Magic:  0/13       EV: 24    Int: 12    God:    the Shining One [**....]
Gold:   912        SH:  5    Dex: 14    Spells: 10/11 levels left

rFire   + . .      SeeInvis +   p - +5 spear "Ogrebane" {flame, rF+}
rCold   . . .      Faith    .   c - +0 buckler
rNeg    + + .      Spirit   +   s - +7 plate armour "Luoff" {rPois Int+4}
rPois   +          Reflect  .   o - +2 helmet {SInv}
rElec   +          Harm     .   n - +2 cloak {Stlth+}
rCorr   .          Rampage  .   (no gloves)
Will    +....      Clarity  +   j - +2 pair of boots
Stlth   ..........              z - amulet of the acrobat
HPRegen 1.00/turn               r - ring "Ceon" {Fly rN+}
MPRegen 0.13/turn               q - +6 ring of strength

@: lethally poisoned (-2 -> -8), about to teleport, acrobatic, flying, glowing
A: fangs 3, regeneration 1, magic shield, antimagic bite, no potion heal 2,
iridescent scales 1, clarity, electricity resistance
a: Renounce Religion, Divine Shield


You were on level 1 of the Snake Pit.
You worshipped the Shining One.
The Shining One was pleased with you.
You visited 4 branches of the dungeon, and saw 13 of its levels.
You also visited: Bailey.

You collected 912 gold pieces.

Inventory:

Hand Weapons
 a - a +0 long sword
 e - a +0 glaive
 p - the +5 spear "Ogrebane" (weapon) {flame, rF+}
   (You found it on level 3 of the Dungeon)

   It burns those it strikes, dealing additional fire damage.
   rF:        It protects you from fire.
 B - a +3 long sword of freezing
Missiles
 k - 323 stones
 A - 2 boomerangs
 D - 17 poisoned darts
 R - 4 javelins (quivered)
Armour
 c - a +0 buckler (worn)
 j - a +2 pair of boots (worn)
 l - an orb of guile
 n - a +2 cloak of stealth (worn)
 o - a +2 helmet of see invisible (worn)
 s - the +7 plate armour "Luoff" (worn) {rPois Int+4}
   (You found it in a bailey)

   Int:       It affects your intelligence (+4).
   rPois:     It protects you from poison.
 t - the +0 scale mail of the Imp {rPois rN+ Int+3}
   (You found it on level 3 of the Dungeon)

   Int:       It affects your intelligence (+3).
   rPois:     It protects you from poison.
   rN:        It protects you from negative energy.
 y - an orb of mayhem
Jewellery
 g - an amulet of faith
 q - a +6 ring of strength (right hand)
 r - the ring "Ceon" (left hand) {Fly rN+}
   (You found it on level 3 of the Dungeon)

   [ring of flight]

   rN:        It protects you from negative energy.
   Fly:       It grants you flight.
 z - an amulet of the acrobat (around neck)
 J - an amulet of faith
 M - a ring of willpower
 Q - a ring of willpower
Wands
 d - a wand of polymorph (21)
 i - a wand of digging (4)
 F - a wand of charming (10)
 T - a wand of flame (5)
 U - a wand of paralysis (2)
Scrolls
 f - 2 scrolls of magic mapping
 h - 5 scrolls of teleportation
 u - 2 scrolls of amnesia
 x - a scroll of vulnerability
 C - a scroll of immolation {unknown}
 E - a scroll of poison {unknown}
 K - 3 scrolls of fear
 O - 3 scrolls of fog
 V - a scroll of torment {unknown}
 X - a scroll of noise
Potions
 b - a potion of haste
 m - 4 potions of curing
 v - 3 potions of flight
 w - 4 potions of attraction
 G - 4 potions of magic
 L - a potion of resistance {unknown}
 N - 4 potions of heal wounds
 P - 2 potions of brilliance
 S - 3 potions of mutation
Miscellaneous
 W - a box of beasts (inert)


   Skills:
 + Level 7.8 Fighting
 + Level 2.9 Long Blades
 + Level 11.2 Polearms
 + Level 8.0 Throwing
 + Level 8.7 Armour
 + Level 3.3 Dodging
 + Level 2.6 Stealth
 + Level 6.0 Shields
 + Level 1.2 Evocations


You had 10 spell levels left.
You knew the following spells:

 Your Spells              Type           Power      Damage    Failure   Level
a - Summon Small Mammal   Summ           0%         N/A       97%         1

Your spell library contained the following spells:

 Spells                   Type           Power      Damage    Failure   Level
 Call Canine Familiar     Summ           0%         N/A       100%        3
 Gell's Gravitas          Tloc           0%         N/A       100%        3
 Stone Arrow              Conj/Erth      0%         3d7       100%        3
 Summon Guardian Golem    Hex/Summ       0%         N/A       100%        3
 Teleport Other           Tloc           0%         N/A       100%        3
 Animate Armour           Summ/Erth      0%         N/A       100%        4
 Dispersal                Tloc           0%         N/A       100%        6
 Orb of Destruction       Conj           0%         9d5       100%        7
 Spellforged Servitor     Conj/Summ      0%         N/A       100%        7
 Borgnjor's Revivificati  Necr           0%         N/A       100%        8
 Lehudib's Crystal Spear  Conj/Erth      0%         10d2      100%        8
 Necromutation            Tmut/Necr      0%         N/A       100%        8
 Death's Door             Necr           0%         N/A       100%        9


Dungeon Overview and Level Annotations

Branches:
Dungeon (8/15)             Temple (1/1) D:5            Lair (3/6) D:8
  Snake (1/4) Lair:3       Bailey (visited)
  Swamp: Lair:2-4    Shoals: Lair:2-4

Altars:
Ashenzari
Cheibriados
Dithmenos
Elyvilon
Fedhas
Gozag
Hepliaklqana
Makhleb
Nemelex Xobeh
Okawaru
Qazlal
Ru
Sif Muna
Trog
Uskayaw
Vehumet
Wu Jian
Xom
Yredelemnul
Zin
The Shining One

Shops:
D:2 !   D:3 !   D:6 (


Innate Abilities, Weirdness & Mutations

You have razor-sharp teeth.
Your natural rate of healing is unusually fast.
When hurt, damage is shared between your health and your magic reserves.
Your bite disrupts and absorbs the magic of your enemies.
Potions cannot restore your health.
You are partially covered in iridescent scales. (AC +2)
You possess an exceptional clarity of mind.
You are resistant to electric shocks. (rElec)


Message History

The naga mage casts a spell at you. The bolt of poison hits you.
You are more poisoned.
You resist.
* * * LOW HITPOINT WARNING * * *
You hit the naga ritualist but do no damage.
The naga ritualist is heavily wounded.
You feel sick.
You barely miss the naga ritualist. You bite the naga ritualist.
You drain its power.
You feel invigorated.
The naga ritualist is heavily wounded.
You feel very sick. The naga ritualist spits poison at you.
The splash of poison hits you but does no damage.
You are more poisoned.
You resist.
The naga warrior hits you from afar with a +0 trident.
* * * LOW HITPOINT WARNING * * *
The naga mage casts a spell.
The naga mage seems to speed up.
As you read the scroll of teleportation, it crumbles to dust.
You feel strangely unstable.
* * * LOW HITPOINT WARNING * * *
You feel very sick. The naga mage barely misses you.
The naga mage completely misses you.
The naga ritualist mumbles some strange prayers to its god.
The naga ritualist begins to radiate toxic energy.
The naga warrior hits you but does no damage.
The naga mage attacks as you move away! You block the naga mage's attack.
The naga mage barely misses you.
* * * LOW HITPOINT WARNING * * *
You feel very sick.
You are more poisoned.
The naga mage points at the naga warrior and mumbles some strange words.
The naga warrior seems to grow toxic.
The naga ritualist spits poison at you. The splash of poison misses you.
* * * LOW HITPOINT WARNING * * *
You feel very sick. The naga mage attacks as you move away!
The naga mage hits you with a +0 club!
You die...

#............#
#..<.........#
#...)........#
#............#
#...........#
#.....†N...##
##....)...##
##...NN.##
##..@.##
##..## ####


You could see a naga warrior (curare, catching breath), a naga ritualist
(strong, toxic aura, catching breath) and a naga mage (fast, strong).

Vanquished Creatures
  The ghost of Reubyar the Impaler, a journeyman MiBe of Trog (Lair:2)
  5 hydras
  A death yak (D:8)
  Sonja (Lair:3)
  A deep elf zephyrmancer (Bailey)
  An orc knight (Bailey)
  6 elephants
  Joseph (D:7)
  2 black mambas (Snake:1)
  2 rime drakes (Lair:1)
  5 cane toads
  4 komodo dragons
  5 blink frogs
  3 slime creatures (D:8)
  2 wyverns
  Eustachio (D:4)
  2 steam dragons
  A basilisk (Lair:1)
  19 yaks (Lair:1)
  Menkaure (D:7)
  3 nagas
  6 water moccasins
  2 hell hounds (Lair:1)
  6 orc warriors
  2 ice beasts (D:8)
  2 black bears (D:8)
  8 wolves
  2 ogres
  A centaur (D:8)
  2 kobold brigands
  6 bullfrogs
  3 necrophages
  5 wights (D:4)
  2 howler monkeys (D:8)
  3 hounds
  A gnoll shaman (D:7)
  5 orc priests
  Natasha (thrice) (D:3)
  6 orc wizards
  7 gnolls
  7 adders
  2 shadow imps (D:6)
  A white imp (D:7)
  4 worms
  4 dart slugs
  27 orcs
  5 bats
  7 endoplasms
  A giant cockroach (D:1)
  17 goblins
  4 hobgoblins
  8 jackals
  10 kobolds
  4 quokkas
  3 ball pythons
  A frilled lizard (D:2)
  5 rats
249 creatures vanquished.

Vanquished Creatures (collateral kills)
  An orc warrior (Bailey)
  An orc (Bailey)
2 creatures vanquished.

Vanquished Creatures (others)
  An orc wizard (D:5)
  2 fungi (Lair:2)
  5 plants
8 creatures vanquished.

Grand Total: 259 creatures vanquished

Notes
Turn   | Place    | Note
-------+----------+-------------------------------------------
     0 | D:1      | purpskrrrp the Vine Stalker Fighter began the quest for the
                  | Orb.
     0 | D:1      | Reached XP level 1. HP: 11/11 MP: 2/2
   238 | D:1      | Reached XP level 2. HP: 16/16 MP: 3/3
   248 | D:1      | Found a faded altar of an unknown god.
   360 | D:1      | Learned a level 1 spell: Summon Small Mammal
   560 | D:2      | Found Timiff's Distillery.
   740 | D:2      | Reached XP level 3. HP: 20/20 MP: 4/4
  1318 | D:3      | Identified the +5 spear "Ogrebane" {flame, rF+}
  1422 | D:3      | Identified the ring "Ceon" {Fly rN+}
  1430 | D:3      | Identified the +0 scale mail of the Imp {rPois rN+ Int+3}
  1698 | D:3      | Noticed Natasha
  1709 | D:3      | Killed Natasha
  1710 | D:3      | Gained mutation: Your natural rate of healing is unusually
                  | fast. [Vine Stalker growth]
  1710 | D:3      | Reached XP level 4. HP: 11/24 MP: 2/5
  1779 | D:3      | Found Dowyinwu's Distillery.
  1873 | D:3      | Noticed Natasha
  1876 | D:3      | Killed Natasha
  1929 | D:3      | Reached XP level 5. HP: 28/28 MP: 6/6
  1943 | D:3      | Noticed an ogre
  1966 | D:3      | Killed an ogre
  1967 | D:3      | Reached skill level 1 in Polearms
  2173 | D:3      | Noticed Natasha
  2181 | D:3      | Killed Natasha
  2182 | D:3      | Reached XP level 6. HP: 32/32 MP: 7/7
  2388 | D:3      | You are sucked into a shaft and drop 3 floors!
  2411 | D:5      | Entered Level 5 of the Dungeon
  2484 | D:4      | Reached skill level 2 in Polearms
  2484 | D:4      | Reached skill level 1 in Dodging
  2484 | D:4      | Reached skill level 1 in Stealth
  2491 | D:4      | Reached XP level 7. HP: 26/37 MP: 8/8
  2506 | D:4      | Reached skill level 1 in Throwing
  2540 | D:4      | Noticed Eustachio
  2564 | D:4      | Killed Eustachio
  2565 | D:4      | Reached skill level 3 in Polearms
  2721 | D:4      | Gained mutation: You are clumsy. (Dex -2) [potion of
                  | mutation]
  2877 | D:4      | Gained mutation: You have razor-sharp teeth. [Vine Stalker
                  | growth]
  2877 | D:4      | Reached XP level 8. HP: 42/42 MP: 9/9
  3081 | D:5      | Found a staircase to the Ecumenical Temple.
  3398 | D:5      | Reached skill level 4 in Polearms
  4126 | Temple   | Entered the Ecumenical Temple
  4244 | Temple   | Became a worshipper of the Shining One
  4563 | D:6      | Reached skill level 5 in Armour
  4563 | D:6      | Reached XP level 9. HP: 36/46 MP: 6/10
  4733 | D:6      | Reached skill level 5 in Polearms
  4940 | D:6      | Found Nuyngym's Antique Weapon Shoppe.
  5441 | D:7      | Noticed Joseph
  5446 | D:7      | Killed Joseph
  5710 | D:7      | Noticed Menkaure
  5710 | D:7      | Reached * piety under the Shining One
  5717 | D:7      | Killed Menkaure
  5827 | D:7      | Reached skill level 6 in Polearms
  6268 | D:8      | Found a flagged portal.
  6323 | Bailey   | Entered a bailey
  6515 | Bailey   | Reached skill level 5 in Fighting
  6522 | Bailey   | Noticed an orc knight
  6532 | Bailey   | HP: 1/47 [orc warrior/+0 glaive (19)]
  6569 | Bailey   | Killed an orc knight
  6570 | Bailey   | Reached skill level 5 in Throwing
  6570 | Bailey   | Reached XP level 10. HP: 32/51 MP: 4/11
  6644 | Bailey   | Found a large runed translucent door.
  6644 | Bailey   | Found a large runed translucent door.
  6645 | Bailey   | Noticed a deep elf zephyrmancer
  6669 | Bailey   | Lost mutation: You are clumsy. (Dex -2) [potion of
                  | mutation]
  6669 | Bailey   | Gained mutation: You possess an exceptional clarity of
                  | mind. [potion of mutation]
  6669 | Bailey   | Gained mutation: You are resistant to electric shocks.
                  | (rElec) [potion of mutation]
  6669 | Bailey   | Gained mutation: You are partially covered in iridescent
                  | scales. (AC +2) [potion of mutation]
  6675 | Bailey   | Killed a deep elf zephyrmancer
  6676 | Bailey   | Reached skill level 5 in Shields
  6698 | Bailey   | Identified the +7 plate armour "Luoff" {rPois Int+4}
  6913 | D:8      | Reached skill level 7 in Polearms
  7087 | D:8      | Found a staircase to the Lair.
  7087 | D:8      | Noticed a death yak
  7116 | D:8      | Killed a death yak
  7450 | Lair:1   | Entered Level 1 of the Lair of Beasts
  7470 | Lair:1   | Reached XP level 11. HP: 56/56 MP: 12/12
  7564 | Lair:1   | Noticed an eight-headed hydra
  7591 | Lair:1   | Killed an eight-headed hydra
  7592 | Lair:1   | Reached skill level 8 in Polearms
  7652 | Lair:1   | Found a dark tunnel.
  7824 | Lair:1   | Reached skill level 1 in Evocations
  7933 | Lair:1   | Reached skill level 9 in Polearms
  7978 | Lair:1   | Reached ** piety under the Shining One
  8026 | Lair:1   | Noticed a four-headed hydra
  8033 | Lair:1   | Killed a four-headed hydra
  8196 | Lair:1   | Reached XP level 12. HP: 59/62 MP: 13/13
  8588 | Lair:2   | Identified the +1 scale mail of Jaelinwu {rC++ Int-4}
  8672 | Lair:2   | Reached skill level 10 in Polearms
  8722 | Lair:2   | Found a large runed translucent door.
  8723 | Lair:2   | Found a large runed translucent door.
  8725 | Lair:2   | Noticed Reubyar's ghost (journeyman MiBe)
  9071 | Lair:2   | Noticed a five-headed hydra
  9077 | Lair:2   | Killed a five-headed hydra
  9132 | Lair:2   | Noticed a six-headed hydra
  9136 | Lair:2   | Killed a six-headed hydra
  9457 | Lair:2   | Killed Reubyar's ghost
  9558 | Lair:3   | Found a staircase to the Snake Pit.
  9574 | Lair:3   | Noticed Sonja
  9588 | Lair:3   | Killed Sonja
  9916 | Lair:3   | Noticed a four-headed hydra
  9926 | Lair:3   | Killed a four-headed hydra
  9927 | Lair:3   | Reached skill level 11 in Polearms
 10148 | Snake:1  | Entered Level 1 of the Snake Pit
 10148 | Snake:1  | Noticed a naga warrior
 10180 | Snake:1  | HP: 1/64 [poisoned by a naga ritualist (toxic radiance)]
 10181 | Snake:1  | Slain by a naga mage

Illustrated notes

Levels and vault maps discovered:
D:1:      spicycebolla_arrival_xxxplode, layout_rooms,
          ebering_ecumenical_altar_mist
D:2:      layout_basic, serial_shops, shop_coins, nicolae_figureground_sparkle
D:3:      minmay_bubble_buster, layout_basic, serial_shops, nicolae_shop_stone,
          minmay_ogre_servants, uniq_natasha
D:4:      layout_basic, uniq_eustachio
D:5:      layout_layer_cave, minmay_temple_entry_trees
D:6:      layout_basic, nicolae_wooded_promenade, roderic_serpentine_path
D:7:      layout_basic, uniq_menkaure, uniq_joseph
D:8:      layout_basic, david_lair_generic, enter_bailey_5, hex_medium
Temple:   compressed_dpeg_triangle_lava_temple
Lair:1:   layout_cave_shapes, enter_volcano_3, minivault_24,
          minmay_shattered_shrine, grunt_megastairs_2
Lair:2:   layout_small_grid, ebering_ghost_disaster_area, st_stairs_4,
          lemuel_fruit_fields
Lair:3:   layout_regular_city, guppyfry_snake_entry_island,
          infiniplex_staircase_pool, uniq_sonja
Snake:1:  layout_gridlike, basic_altar, nicolae_snake_double_loop

Skill      XL: |  1  2  3  4  5  6  7  8  9 10 11 12 |
---------------+-------------------------------------+-----
Shields        | 3 4 5 6 |  6.0
Long Blades    | 2 |  2.9
Fighting       | 3 4 5 6 7 |  7.8
Armour         | 3 4 5 6 7 8 |  8.7
Polearms       | 1 2 3 4 6 7 9 11 | 11.2
Dodging        | 1 2 3 |  3.3
Stealth        | 1 2 |  2.6
Throwing       | 1 3 5 7 8 |  8.0
Evocations     | 1 |  1.2

Action                   |  1- 3 |  4- 6 |  7- 9 | 10-12 || total
-------------------------+-------+-------+-------+-------++-------
Melee: Long sword        |    82 |       |       |       ||    82
       Bite              |    26 |    16 |    60 |   210 ||   312
       Spear             |    28 |    48 |   204 |   393 ||   673
Throw: Stone             |     1 |       |       |     3 ||     4
       Boomerang         |       |     1 |   103 |    32 ||   136
       Javelin           |       |       |       |    12 ||    12
Evoke: Wand              |       |       |       |     7 ||     7
       Box of beasts     |       |       |       |     1 ||     1
  Use: Potion            |       |     1 |     3 |     4 ||     8
       Scroll            |       |       |    17 |     9 ||    26
Armor: Scale mail        |    51 |     9 |    44 |     3 ||   107
       Plate armour      |       |       |       |   186 ||   186
Dodge: Dodged            |    44 |    28 |    92 |   131 ||   295
Block: Buckler           |    30 |    12 |    52 |    78 ||   172

Table legend: (Time is in decaauts)
 A = Elapsed time spent in this place.
 B = Non-inter-level travel time spent in this place.
 C = Inter-level travel time spent in this place.
 D = Time resting spent in this place.
 E = Time spent auto-exploring this place.
 F = Levels seen in this place.
 G = Mean time per level.
                   A        B        C        D        E       F      G
               +--------+--------+--------+--------+--------+-----+--------+
         Total |  10061 |   8355 |   1706 |    458 |   5626 |  14 |  718.6 |
       Dungeon |   6891 |   5679 |   1212 |    260 |   4085 |   8 |  861.4 |
        Temple |    139 |      5 |    134 |      0 |      0 |   1 |  139.0 |
          Lair |   2568 |   2208 |    360 |    115 |   1541 |   3 |  856.0 |
     Snake Pit |     24 |     24 |      0 |      0 |      0 |   1 |   24.0 |
        Bailey |    438 |    438 |      0 |     83 |      0 |   1 |  438.0 |
               +--------+--------+--------+--------+--------+-----+--------+

Top non-repeatable levels by time:
     D:5: 1209 daAuts
     D:3: 1118 daAuts
  Lair:1: 1028 daAuts
     D:6: 1003 daAuts
     D:7: 903 daAuts
  Lair:2: 895 daAuts
     D:2: 766 daAuts
     D:8: 742 daAuts
  Lair:3: 643 daAuts
     D:4: 605 daAuts
     D:1: 542 daAuts
  Bailey: 438 daAuts
  Temple: 139 daAuts
 Snake:1: 24 daAuts
